 Dungeon Crawl Stone Soup version 0.23-a0-329-g6f3f904 (webtiles) character file.

1560 galech the Chopper (level 8, -3/62 HPs)
             Began as a Demonspawn Fighter on Oct 16, 2018.
             Was an Initiate of Okawaru.
             Splashed by a centaur's acid (12 damage)
             ... on level 7 of the Dungeon.
             The game lasted 00:06:04 (5282 turns).

galech the Chopper (Demonspawn Fighter)             Turns: 5282, Time: 00:06:05

Health: -3/62      AC: 12    Str: 17    XL:     8   Next: 58%
Magic:  8/8        EV:  5    Int:  9    God:    Okawaru [......]
Gold:   205        SH:  9    Dex: 15    Spells: 7/7 levels left

rFire    + . .     SeeInvis .   u - +4 hand axe
rCold    . . .     Gourm    .   c - +0 shield
rNeg     . . .     Faith    .   o - +0 chain mail
rPois    .         Spirit   .   t - +1 helmet
rElec    .         Reflect  .   (no cloak)
rCorr    .         Harm     .   (no gloves)
MR       .....                  (no boots)
Stlth    ..........             (no amulet)
HPRegen  0.20/turn              (no ring)
MPRegen  0.11/turn              (no ring)

@: corroded
A: hooves 2, iridescent scales 2, fire resistance 1, spiny 2
a: Renounce Religion


You were on level 7 of the Dungeon.
You worshipped Okawaru.
Okawaru was noncommittal.
You were not hungry.

You visited 2 branches of the dungeon, and saw 8 of its levels.

You collected 205 gold pieces.

Inventory:

Hand Weapons
 u - a +4 hand axe (weapon)
Armour
 c - a +0 shield (worn)
 o - a +0 chain mail (worn)
 t - a +1 helmet (worn)
Wands
 g - a wand of enslavement (9)
 s - a wand of paralysis (9)
Scrolls
 e - 2 scrolls of amnesia
 h - 4 scrolls of remove curse
 j - 4 scrolls of teleportation
 l - 2 scrolls of fog
 n - a scroll of enchant weapon {unknown}
 p - a scroll of random uselessness
 v - a scroll of magic mapping {unknown}
Potions
 b - 2 potions of cancellation {unknown}
 d - 3 potions of might
 i - 5 potions of curing
 k - 5 potions of heal wounds {unknown}
 m - 2 potions of berserk rage {unknown}
 q - a potion of degeneration {unknown}
 r - 2 potions of flight {unknown}
Comestibles
 a - 11 chunks of flesh
 f - 19 rations


   Skills:
 + Level 5.2 Fighting
 + Level 7.0 Axes
 + Level 5.0 Armour
 + Level 0.8 Dodging
 + Level 1.0 Stealth
 + Level 4.5 Shields


You had 7 spell levels left.
You didn't know any spells.
Your spell library contained the following spells:

 Spells                   Type           Power        Failure   Level  Hunger
 Sting                    Conj/Pois      #...         100%        1    ##.....
 Poisonous Vapours        Pois/Air       #.....       100%        2    ###....
 Mephitic Cloud           Conj/Pois/Air  #.......     100%        3    ####...
 Olgreb's Toxic Radiance  Pois           #.......     100%        4    #####..
 Venom Bolt               Conj/Pois      #.........   100%        5    ######.


Dungeon Overview and Level Annotations

Branches:
Dungeon (7/15)             Temple (1/1) D:7

Altars:
Ashenzari
Cheibriados
Dithmenos
Elyvilon
Fedhas
Gozag
Hepliaklqana
Kikubaaqudgha
Makhleb
Nemelex Xobeh
Okawaru
Qazlal
Ru
Sif Muna
Trog
Uskayaw
Vehumet
Wu Jian
Xom
Yredelemnul
Zin
The Shining One


Innate Abilities, Weirdness & Mutations

You have hoof-like feet.
You are mostly covered in iridescent scales. (AC +4)
Your flesh is heat resistant. (rF+)
You are mostly covered in sharp spines.


Message History

The centaur is severely wounded.
You block the centaur's attack.
The centaur hits you but does no damage.
Your shield and chain mail prevent you from hitting the centaur.
Your kick misses the centaur.
The centaur is severely wounded.
You block the centaur's attack.
You completely miss the centaur. You kick the centaur.
The centaur is almost dead.
The centaur hits you but does no damage.
You block the centaur's attack.
You hit the centaur but do no damage.
The centaur is almost dead.
The centaur barely misses you.
You completely miss the centaur. Your kick misses the centaur.
The centaur is almost dead.
The centaur zaps a wand.
The bolt of acid hits you!
* * * LOW HITPOINT WARNING * * *
The acid corrodes you!
You are splashed with acid!
The acid burns!
You die...

#............
.........?.
......... ........
.....Y ....c ##.
#.#.# #.. #.#.###
#.# ##@#...## #.#
#..c##..# ##.##
#..(###.### #...##
#.......<.###.8>8##
#...###...).)......
##### ###.###.#####
#..##.####.
#########.........
#............#####


You could see a centaur.

Vanquished Creatures
  Sigmund (D:6)
  2 ogres (D:6)
  A centaur (D:6)
  A scorpion (D:7)
  5 wights (D:5)
  A howler monkey (D:4)
  2 hounds (D:6)
  A jelly (D:6)
  3 centaur skeletons
  3 orc priests
  3 iguanas
  4 orc wizards
  6 worker ants
  A hound skeleton (D:6)
  A worker ant zombie (D:5)
  3 gnolls (D:5)
  8 adders
  A shadow imp (D:4)
  3 oozes
  3 worms
  8 leopard geckos
  15 orcs
  5 ball pythons
  8 giant cockroaches
  8 goblins
  9 hobgoblins
  2 jackals (D:6)
  7 quokkas
  3 bats
  4 frilled lizards
  7 kobolds
  A leopard gecko skeleton (D:4)
  6 rats
136 creatures vanquished.

Notes
Turn   | Place    | Note
-------+----------+-------------------------------------------
     0 | D:1      | galech the Demonspawn Fighter began the quest for the Orb.
     0 | D:1      | Reached XP level 1. HP: 18/18 MP: 1/1
    84 | D:1      | Gained mutation: Your flesh is heat resistant. (rF+)
                  | [demonic ancestry]
    84 | D:1      | Reached XP level 2. HP: 15/24 MP: 2/2
   445 | D:1      | Reached skill level 2 in Axes
   875 | D:2      | Gained mutation: You have large cloven feet. [demonic
                  | ancestry]
   875 | D:2      | Reached XP level 3. HP: 29/29 MP: 3/3
  1143 | D:2      | Gained mutation: You are partially covered in sharp spines.
                  | [demonic ancestry]
  1143 | D:2      | Reached XP level 4. HP: 33/35 MP: 4/4
  1464 | D:3      | Reached skill level 3 in Axes
  1571 | D:3      | Gained mutation: You have hoof-like feet. [demonic
                  | ancestry]
  1571 | D:3      | Reached XP level 5. HP: 36/41 MP: 5/5
  2532 | D:4      | Found a glowing golden altar of the Shining One.
  2535 | D:4      | Reached skill level 4 in Axes
  2535 | D:4      | Gained mutation: You are mostly covered in sharp spines.
                  | [demonic ancestry]
  2535 | D:4      | Reached XP level 6. HP: 39/48 MP: 6/6
  3138 | D:5      | Entered Level 5 of the Dungeon
  3686 | D:5      | Gained mutation: You are partially covered in iridescent
                  | scales. (AC +2) [demonic ancestry]
  3686 | D:5      | Reached XP level 7. HP: 41/55 MP: 7/7
  3703 | D:5      | Reached skill level 5 in Axes
  4283 | D:6      | Reached skill level 1 in Stealth
  4517 | D:6      | Gained mutation: You are mostly covered in iridescent
                  | scales. (AC +4) [demonic ancestry]
  4517 | D:6      | Reached XP level 8. HP: 61/61 MP: 8/8
  4560 | D:6      | Found an opulent altar of Gozag.
  4606 | D:6      | Reached skill level 6 in Axes
  4608 | D:6      | Reached skill level 5 in Fighting
  4879 | D:6      | Noticed Sigmund
  4889 | D:6      | Killed Sigmund
  5078 | D:7      | Found a staircase to the Ecumenical Temple.
  5093 | D:7      | Reached skill level 7 in Axes
  5097 | D:7      | Reached skill level 5 in Armour
  5112 | Temple   | Entered the Ecumenical Temple
  5211 | Temple   | Became a worshipper of Warmaster Okawaru
  5282 | D:7      | Splashed by a centaur's acid

Vault maps used:
D:1:      minmay_arrival_doors, minivault_14
D:3:      minmay_misc_feat_encased, minmay_bisected, uniq_crazy_yiuf_cottage
D:4:      nicolae_tso_swordbearing_angel
D:5:      first_ration, chequers_serial_rivers_micro_c, st_stairs_14
D:6:      minmay_door_square, nicolae_gozag_seed_capital, uniq_sigmund
D:7:      temple_statues, serial_shops, kennysheep_little_box, uniq_joseph
Temple:   regret_index_temple_sigil_plot

Skill      XL: |  1  2  3  4  5  6  7  8 |
---------------+-------------------------+-----
Shields        | 3 4 |  4.5
Axes           | 2 3 4 5 7 |  7.0
Armour         | 3 4 5 |  5.0
Fighting       | 4 5 |  5.2
Stealth        | 1 |  1.0
Dodging        | |  0.8

Action                   |  1- 3 |  4- 6 |  7- 9 || total
-------------------------+-------+-------+-------++-------
Melee: War axe           |   110 |   122 |    14 ||   246
       Kick              |     9 |    32 |    33 ||    74
       Hand axe          |       |       |   103 ||   103
  Use: Scroll            |       |       |     5 ||     5
  Eat: Chunk             |     1 |     8 |     5 ||    14
Armor: Scale mail        |    47 |       |       ||    47
       Chain mail        |    11 |    53 |    59 ||   123
Dodge: Dodged            |    29 |    23 |    16 ||    68
Block: Shield            |    55 |    54 |    61 ||   170

Table legend:
 A = Non-vault XP
 B = Vault XP
 C = Vault XP percentage of total XP
 D = Non-vault monster count
 E = Vault monster count
 F = Vault count percentage of total count
                 A         B        C        D         E       F
            +---------+---------+-------+---------+---------+-------
      Total |    1924 |     305 |  13.7 |     129 |       7 |   5.1
            +---------+---------+-------+---------+---------+-------
        D:1 |      30 |       0 |   0.0 |      15 |       0 |   0.0
        D:2 |      69 |       0 |   0.0 |      19 |       0 |   0.0
        D:3 |     211 |       9 |   4.1 |      31 |       4 |  11.4
        D:4 |     159 |       0 |   0.0 |      13 |       0 |   0.0
        D:5 |     538 |      76 |  12.4 |      22 |       2 |   8.3
        D:6 |     732 |     220 |  23.1 |      22 |       1 |   4.3
        D:7 |     185 |       0 |   0.0 |       7 |       0 |   0.0
            +---------+---------+-------+---------+---------+-------
